 Dungeon Crawl Stone Soup version 0.25-a0-435-g4b9beb1024 (webtiles) character file.

Game seed: 5793406951035550513, levelgen mode: deterministic

28935 Epan the Geomancer (level 13, -6/78 HPs)
             Began as a Gargoyle Earth Elementalist on Jan 27, 2020.
             Was an Elder of Vehumet.
             Hit by a large rock thrown by a cyclops (24 damage)
             ... on level 14 of the Dungeon.
             The game lasted 00:49:08 (14140 turns).

Epan the Geomancer (Gargoyle Earth Elementalist)   Turns: 14140, Time: 00:49:08

Health: -6/78      AC: 21    Str: 18    XL:     13   Next: 42%
Magic:  22/26      EV: 14    Int: 21    God:    Vehumet [****..]
Gold:   1          SH:  0    Dex: 10    Spells: 14/30 levels left

rFire    . . .     SeeInvis .   u - +3 morningstar (protect)
rCold    + . .     Gourm    .   (no shield)
rNeg     + . .     Faith    .   c - +1 robe
rPois    ∞         Spirit   .   (no helmet)
rElec    +         Reflect  .   n - +1 cloak
rCorr    .         Harm     .   G - +3 pair of gauntlets of War {Slay+5}
MR       .....                  D - +1 pair of boots
Stlth    ++........             (no amulet)
HPRegen  0.23/turn              K - ring of protection from cold
MPRegen  0.20/turn              f - +6 ring of strength

@: very slightly contaminated
A: negative energy resistance 1, electricity resistance, unbreathing,
petrification resistance, rot immunity, AC +9
a: Renounce Religion


You were on level 14 of the Dungeon.
You worshipped Vehumet.
Vehumet was greatly pleased with you.
You were not hungry.

You visited 2 branches of the dungeon, and saw 15 of its levels.

You collected 884 gold pieces.
You spent 883 gold pieces at shops.

Inventory:

Hand Weapons
 u - a +3 morningstar of protection (weapon)
 y - a +0 morningstar
 F - a +0 short sword of draining
 H - a +2 flail of holy wrath
Missiles
 b - 59 stones (quivered)
Armour
 c - a +1 robe (worn)
 n - a +1 cloak (worn)
 D - a +1 pair of boots (worn)
 G - the +3 pair of gauntlets of War (worn) {Slay+5}
   (You bought it in a shop on level 10 of the Dungeon)

   It affects your accuracy and damage with ranged weapons and melee attacks
   (+5).
   If you remove this armour, your AC will fall 4 points (21 -> 17)
Jewellery
 f - a +6 ring of strength (right hand)
 E - an uncursed ring of ice
 K - a ring of protection from cold (left hand)
Wands
 e - a wand of polymorph (20)
 i - a wand of digging (10)
 m - a wand of clouds (2)
 r - a wand of disintegration (2)
 s - a wand of iceblast (6)
 w - a wand of paralysis (8)
 x - a wand of flame (41)
 I - a wand of random effects (16)
 M - a wand of acid (8)
Scrolls
 a - 7 scrolls of teleportation
 g - a scroll of amnesia
 k - 7 scrolls of remove curse
 q - 3 scrolls of magic mapping
 L - a scroll of fog
Potions
 j - 2 potions of lignification
 l - 5 potions of haste
 o - 3 potions of might
 p - a potion of brilliance
 t - a potion of agility
 v - 3 potions of mutation
 A - a potion of curing
 B - 2 potions of heal wounds
 C - 2 potions of flight
 J - a potion of degeneration {unknown}
Miscellaneous
 z - a fan of gales
Comestibles
 d - 30 rations
 h - 6 chunks of flesh


   Skills:
 + Level 7.8 Fighting
 + Level 7.1 Maces & Flails
 - Level 6.0 Armour
 + Level 6.1 Dodging
 - Level 2.1 Stealth
 + Level 9.3 Spellcasting
 + Level 10.4 Conjurations
 - Level 0.7 Transmutations
 + Level 12.0 Earth Magic
 - Level 6.0 Evocations


You had 14 spell levels left.
You knew the following spells:

 Your Spells              Type           Power        Failure   Level  Hunger
a - Sandblast             Erth           ######       1%          1    None
b - Stone Arrow           Conj/Erth      ######       1%          3    None
c - Lee's Rapid Deconstr  Erth           ######....   1%          5    #####..
d - Passwall              Tmut/Erth      #####...     1%          2    None
e - Irradiate             Conj/Tmut      ####......   5%          5    #####..

Your spell library contained the following spells:

 Spells                   Type           Power        Failure   Level  Hunger
 Petrify                  Tmut/Erth      #####...     4%          4    ##.....
 Animate Skeleton         Necr           N/A          7%          1    None
 Pain                     Necr           #...         7%          1    None
 Vampiric Draining        Necr           #.........   21%         3    None
 Animate Dead             Necr           N/A          56%         4    ##.....
 Agony                    Necr           #.......     88%         5    #####..


Dungeon Overview and Level Annotations

Branches:
Dungeon (14/15)            Temple (1/1) D:6            Lair (0/6) D:10
    Orc (0/2) D:11         Vaults (0/5) D:13

Altars:
Ashenzari
Cheibriados
Dithmenos
Elyvilon
Fedhas
Gozag
Hepliaklqana
Kikubaaqudgha
Makhleb
Nemelex Xobeh
Okawaru
Qazlal
Ru
Sif Muna
Trog
Uskayaw
Vehumet
Wu Jian
Xom
Yredelemnul
Zin
The Shining One

Shops:
D:10 *   D:12 %   D:14 (!

Portals:
Trove: D:10 (give +3 shadow dragon scales)


Innate Abilities, Weirdness & Mutations

You are resistant to torment.
Your stone body is resilient. (AC +9)
You are immune to poison.
You resist negative energy. (rN+)
You are resistant to electric shocks. (rElec)
You can survive without breathing.
You are immune to petrification.
You are immune to rotting.


Message History

The fire dragon breathes flames at you. The blast of flame hits you!!
You bludgeon the bullfrog!!
Your weapon exudes an aura of protection.
You kill the bullfrog!
Vehumet accepts your kill.
You are too injured to fight recklessly!
As you read the scroll of teleportation, it crumbles to dust.
You feel strangely unstable.
An iguana comes into view.
Your surroundings suddenly seem different.
The cyclops throws a large rock.
The large rock hits you!!
* * * LOW HITPOINT WARNING * * *
Found 15 gold pieces.
You see here a large rock.
Unknown command.
The cyclops throws a large rock.
The large rock hits you but does no damage.
The cyclops throws a large rock.
The large rock hits you!!
You die...

.. #........##... #
...##............. #.
...#....†........# ##.#
#..#....C.........
.....#.........C.......
######.##....C....(?...
≈≈≈≈≈≈.#..........∩....
#.(.........t.....
#@.#.#.......l....
#.##............##
..........##†(O###
...#.......##......
$...#....#.##.)C....
....###..............
###.# ##.............
.. ###...÷.......
###...........


You could see 2 cyclopes.

Vanquished Creatures
  Frances (D:13)
  An ironheart preserver (D:13)
  Azrael (D:13)
  A hydra (D:10)
  A death knight (D:13)
  2 centaur warriors (D:13)
  A two-headed ogre (D:13)
  A tengu warrior (D:13)
  A skeletal warrior (D:13)
  2 unseen horrors
  A deep elf mage (D:13)
  5 ugly things
  A centaur zombie (D:14)
  2 kobold demonologists
  A yaktaur (D:11)
  A tengu conjurer (D:14)
  3 trolls
  3 hippogriffs
  3 slime creatures (D:12)
  3 wyverns
  A shadow (D:11)
  A wraith (D:13)
  A basilisk (D:14)
  A human (D:7)
  A hungry ghost (D:12)
  2 vampire mosquitoes (D:13)
  18 yaks
  3 hogs (D:7)
  Eustachio (D:5)
  4 fire elementals (D:13)
  A steam dragon (D:12)
  An acid dragon (D:14)
  3 hell hounds (D:13)
  A porcupine (D:10)
  5 orc warriors
  5 sky beasts
  3 ice beasts
  3 phantoms
  3 black bears
  A necrophage (D:6)
  11 ogres
  15 centaurs
  A crocodile (D:11)
  2 big kobolds
  9 bullfrogs
  A gnoll sergeant (D:8)
  A wyvern skeleton (D:6)
  A jelly (D:10)
  8 scorpions
  15 killer bees
  6 wights
  9 howler monkeys
  13 crimson imps
  6 bullfrog zombies
  A quasit (D:12)
  4 hounds
  Crazy Yiuf (D:2)
  A bullfrog skeleton (D:11)
  7 orc priests
  8 orc wizards
  3 centaur skeletons
  2 iguanas
  8 worker ants
  A hound zombie (D:10)
  A hound skeleton (D:8)
  A howler monkey zombie (D:8)
  2 worker ant zombies
  4 gnolls (D:8)
  A howler monkey skeleton (D:2)
  15 adders
  4 shadow imps
  2 oozes
  2 adder skeletons
  2 dart slugs
  6 leopard geckos
  32 orcs
  2 giant cockroaches
  7 hobgoblins
  18 kobolds
  4 quokkas
  2 ball pythons (D:2)
  4 bats
  5 frilled lizards
  7 goblins
  A jackal zombie (D:5)
  2 leopard gecko skeletons
  A leopard gecko zombie (D:5)
  A quokka skeleton (D:6)
  4 rats
358 creatures vanquished.

Vanquished Creatures (others)
  A giant cockroach (D:2)
  4 fungi (D:10)
5 creatures vanquished.

Grand Total: 363 creatures vanquished

Notes
Turn   | Place    | Note
-------+----------+-------------------------------------------
     0 | D:1      | Epan the Gargoyle Earth Elementalist began the quest for
                  | the Orb.
     0 | D:1      | Reached XP level 1. HP: 10/10 MP: 3/3
   241 | D:1      | Reached skill level 4 in Earth Magic
   241 | D:1      | Reached XP level 2. HP: 8/15 MP: 0/5
   846 | D:1      | Reached XP level 3. HP: 18/19 MP: 6/6
   851 | D:1      | Learned a level 3 spell: Stone Arrow
  1256 | D:2      | Reached skill level 1 in Conjurations
  1516 | D:2      | Reached XP level 4. HP: 20/24 MP: 8/8
  1635 | D:2      | You fall into a shaft and drop 2 floors!
  1752 | D:4      | Reached skill level 5 in Earth Magic
  1752 | D:4      | Reached XP level 5. HP: 21/28 MP: 2/9
  1759 | D:4      | Learned a level 5 spell: Lee's Rapid Deconstruction
  2071 | D:2      | Found a runed translucent door.
  2072 | D:2      | Noticed Crazy Yiuf
  2079 | D:2      | Killed Crazy Yiuf
  2294 | D:2      | Found a stormy altar of Qazlal.
  2600 | D:3      | Found a hazy altar of Hepliaklqana.
  2601 | D:3      | Found a shimmering altar of Xom.
  2602 | D:3      | Noticed a spectral ugly thing
  2732 | D:3      | Found a white marble altar of Elyvilon.
  2792 | D:3      | Found a basalt altar of Yredelemnul.
  2915 | D:4      | Reached XP level 6. HP: 20/32 MP: 11/11
  3548 | D:5      | Entered Level 5 of the Dungeon
  3579 | D:5      | Found a bloodstained altar of Trog.
  3651 | D:5      | Reached skill level 6 in Earth Magic
  3925 | D:5      | Noticed Eustachio
  3930 | D:5      | Killed Eustachio
  3930 | D:5      | Reached XP level 7. HP: 36/36 MP: 4/13
  4258 | D:5      | Reached skill level 7 in Earth Magic
  4446 | D:6      | Reached skill level 5 in Spellcasting
  4446 | D:6      | Reached skill level 5 in Conjurations
  4446 | D:6      | Reached XP level 8. HP: 10/41 MP: 9/15
  5457 | D:6      | Found a staircase to the Ecumenical Temple.
  5467 | Temple   | Entered the Ecumenical Temple
  5917 | D:6      | Reached skill level 8 in Earth Magic
  6684 | D:7      | Reached XP level 9. HP: 45/45 MP: 7/18
  6876 | D:7      | Reached skill level 9 in Earth Magic
  6998 | D:7      | Reached skill level 1 in Fighting
  6998 | D:7      | Reached skill level 1 in Armour
  7160 | D:7      | Reached skill level 1 in Maces & Flails
  7227 | D:7      | Reached skill level 1 in Evocations
  7692 | D:8      | Reached XP level 10. HP: 54/54 MP: 9/20
  7724 | D:8      | Found Ceptin's Antique Weapon Shoppe.
  8123 | D:8      | Found a radiant altar of Vehumet.
  8123 | D:8      | Found a sparkling altar of Nemelex Xobeh.
  8129 | D:8      | Learned a level 2 spell: Passwall
  8132 | D:8      | Found a glowing golden altar of the Shining One.
  8132 | D:8      | Found an ancient bone altar of Kikubaaqudgha.
  8138 | D:8      | Became a worshipper of Vehumet
  8850 | D:10     | Entered Level 10 of the Dungeon
  9016 | D:10     | Found a staircase to the Lair.
  9093 | D:10     | Reached skill level 10 in Earth Magic
  9296 | D:10     | Found a portal to a secret trove of treasure.
  9436 | D:10     | Reached * piety under Vehumet
  9436 | D:10     | Offered knowledge of Magic Dart by Vehumet.
  9523 | D:10     | Found Neokk's General Store.
  9526 | D:10     | Bought the +3 pair of gauntlets of War {Slay+5} for 475
                  | gold pieces
  9526 | D:10     | Found the +3 pair of gauntlets of War {Slay+5}
  9614 | D:10     | Noticed a four-headed hydra
  9622 | D:10     | Killed a four-headed hydra
  9622 | D:10     | Reached XP level 11. HP: 26/62 MP: 1/22
  9740 | D:11     | Found a staircase to the Orcish Mines.
  9741 | D:11     | Noticed a green ugly thing
  9864 | D:11     | Noticed a purple ugly thing
  9883 | D:11     | Killed a red ugly thing
  9885 | D:11     | Killed a purple ugly thing
 10064 | D:11     | Killed an unseen horror
 10113 | D:11     | Reached skill level 5 in Fighting
 10133 | D:11     | Reached skill level 5 in Armour
 10136 | D:11     | Reached ** piety under Vehumet
 10136 | D:11     | Offered knowledge of Freeze by Vehumet.
 10853 | D:12     | Noticed a purple ugly thing
 10861 | D:12     | Killed a purple ugly thing
 11028 | D:12     | Reached skill level 5 in Maces & Flails
 11030 | D:12     | Offered knowledge of Ignite Poison by Vehumet.
 11131 | D:12     | Reached *** piety under Vehumet
 11132 | D:12     | Reached XP level 12. HP: 34/69 MP: 24/24
 11700 | D:12     | Reached skill level 11 in Earth Magic
 11708 | D:12     | Offered knowledge of Mephitic Cloud by Vehumet.
 11961 | D:12     | Found the +11 plutonium sword {*Contam Stlth-}
 12018 | D:12     | Reached skill level 5 in Dodging
 12095 | D:12     | Found Ohiyk's Food Emporium.
 12148 | D:13     | Noticed a centaur warrior
 12157 | D:13     | Killed a centaur warrior
 12157 | D:13     | Reached skill level 5 in Evocations
 12292 | D:13     | Reached **** piety under Vehumet
 12325 | D:13     | Noticed Frances
 12332 | D:13     | Noticed a sun demon
 12334 | D:13     | Killed Frances
 12593 | D:13     | Noticed a centaur warrior
 12604 | D:13     | Killed a centaur warrior
 12612 | D:13     | Noticed Azrael
 12623 | D:13     | Killed Azrael
 12898 | D:13     | Noticed a two-headed ogre
 12899 | D:13     | Found a gate to the Vaults.
 12899 | D:13     | Noticed an ironheart preserver
 12910 | D:13     | Killed a two-headed ogre
 12910 | D:13     | Reached skill level 10 in Conjurations
 12910 | D:13     | Reached XP level 13. HP: 72/76 MP: 18/26
 12917 | D:13     | Killed an ironheart preserver
 12917 | D:13     | Offered knowledge of Irradiate by Vehumet.
 12931 | D:13     | Learned a level 5 spell: Irradiate
 13969 | D:13     | Reached skill level 12 in Earth Magic
 14018 | D:14     | Found Gaicva Taebi's Distillery.
 14018 | D:14     | Found Byelov's Weapon Emporium.
 14039 | D:14     | Bought a potion of mutation for 96 gold pieces
 14039 | D:14     | Bought a potion of mutation for 96 gold pieces
 14039 | D:14     | Bought a potion of mutation for 96 gold pieces
 14039 | D:14     | Bought 2 potions of heal wounds for 120 gold pieces
 14134 | D:14     | Noticed a fire dragon
 14140 | D:14     | Hit by a large rock thrown by a cyclops

Levels and vault maps discovered:
D:1:      dpeg_arrival_long_road, layout_basic
D:2:      layout_rooms, grunt_qazlal_clouds, uniq_crazy_yiuf_cottage
D:3:      layout_loops_cross, kennysheep_ying_yang,
          regret_index_temple_of_mockery
D:4:      layout_loops_ring
D:5:      layout_basic, basic_altar, first_ration, corexii_checkpoint_a,
          grunt_ministairs_6, minmay_bent, uniq_eustachio
D:6:      layout_basic, minmay_temple_entry_wispy, serial_co_window_serial,
          co_window_cross_1, co_window_cross_1, co_window_paths_b,
          co_window_paths_a, co_window_paths_a, co_window_paths_a,
          co_window_paths_b, co_window_corner_cb, co_window_unsneaky_path_a,
          co_window_corner_b, co_window_broadway_c, co_window_paths_d,
          co_window_paths_e, glass_columns_a, glass_columns_a, glass_columns_a,
          minmay_strange_pillars, patterned_corridor
D:7:      minmay_spotlight, layout_rooms, serial_aquarium,
          aquarium_bridge_straight [aquarium_subvault_bridge,
          aquarium_subvault_window, aquarium_subvault_bridge,
          aquarium_subvault_wall], aquarium_window_2, aquarium_window_1,
          aquarium_window_fake, aquarium_view_2c, aquarium_view_2c,
          grunt_ministairs_3, grunt_livestock
D:8:      layout_basic, nicolae_overflow_hidden_temple, serial_shops,
          nicolae_shop_overgrown_old_shop
D:9:      layout_basic
D:10:     layout_roguey, grunt_lair_entry_orc_guard_hut, serial_shops,
          kennysheep_mini, enter_trove_2
D:11:     layout_cave_pools, orc_0_dummy
D:12:     layout_roguey, serial_shops, shop_statue
D:13:     layout_loops_ring, skrybe_vaults_entry_preservation,
          minmay_fractal_squares_gapless_5, uniq_azrael, uniq_frances
D:14:     minmay_the_grid_octo_2x2 [minmay_the_grid_octo_focus,
          minmay_the_grid_octo_checkered, minmay_the_grid_octo_chip,
          minmay_the_grid_octo_prize_ultimate_mussel_roller], layout_cave_pools,
          grunt_decor_cap, serial_shops, shop, shop
Temple:   nicolae_temple_figure_eight

Skill      XL: |  1  2  3  4  5  6  7  8  9 10 11 12 13 |
---------------+----------------------------------------+-----
Earth Magic    | 4 5 6 7 8 9 10 11 12 | 12.0
Conjurations   | 1 2 4 5 6 7 8 9 10 | 10.4
Spellcasting   | 3 4 5 6 7 8 9 |  9.3
Fighting       | 2 4 5 7 |  7.8
Armour         | 2 4 5 6 |  6.0
Maces & Flails | 2 3 5 6 7 |  7.1
Evocations     | 2 3 4 5 6 |  6.0
Dodging        | 2 3 4 5 6 |  6.1
Stealth        | |  2.1
Transmutations | |  0.7

Action                   |  1- 3 |  4- 6 |  7- 9 | 10-12 | 13-15 || total
-------------------------+-------+-------+-------+-------+-------++-------
Melee: Club              |    40 |       |       |       |       ||    40
       Unarmed           |    12 |       |       |       |       ||    12
       Mace              |    66 |   147 |   173 |       |       ||   386
       Morningstar       |       |    34 |       |   199 |    54 ||   287
       Short sword       |       |       |    29 |    86 |       ||   115
 Cast: Sandblast         |    18 |    35 |    60 |   145 |    37 ||   295
       Stone Arrow       |       |     2 |     5 |     7 |       ||    14
       Lee's Rapid Decon |       |       |    13 |    48 |    17 ||    78
       Passwall          |       |       |       |     2 |       ||     2
       Irradiate         |       |       |       |       |     3 ||     3
Evoke: Wand              |       |     3 |     5 |     8 |     1 ||    17
  Use: Scroll            |     3 |    10 |     7 |     7 |     4 ||    31
       Potion            |       |       |     1 |     7 |       ||     8
 Stab: Sleeping          |     4 |     3 |       |     2 |       ||     9
  Eat: Chunk             |     2 |     8 |    14 |    18 |     5 ||    47
       Ration            |       |       |     1 |     3 |     1 ||     5
Armor: Robe              |    45 |    96 |   137 |   247 |    75 ||   600
Dodge: Dodged            |    93 |   170 |   177 |   301 |    80 ||   821

Table legend:
 A = Non-vault XP
 B = Vault XP
 C = Vault XP percentage of total XP
 D = Non-vault monster count
 E = Vault monster count
 F = Vault count percentage of total count
                 A         B        C        D         E       F
            +---------+---------+-------+---------+---------+-------
      Total |   27777 |   13560 |  32.8 |     305 |      53 |  14.8
            +---------+---------+-------+---------+---------+-------
        D:1 |      42 |       0 |   0.0 |      27 |       0 |   0.0
        D:2 |     120 |      41 |  25.5 |      22 |       1 |   4.3
        D:3 |      12 |       0 |   0.0 |       5 |       0 |   0.0
        D:4 |     236 |       0 |   0.0 |      21 |       0 |   0.0
        D:5 |     410 |     285 |  41.0 |      14 |       8 |  36.4
        D:6 |    1285 |       0 |   0.0 |      25 |       0 |   0.0
        D:7 |     718 |    1341 |  65.1 |      14 |      15 |  51.7
        D:8 |    1382 |       0 |   0.0 |      26 |       0 |   0.0
        D:9 |     409 |       0 |   0.0 |       5 |       0 |   0.0
       D:10 |    2627 |     480 |  15.4 |      20 |       4 |  16.7
       D:11 |    6295 |       0 |   0.0 |      40 |       0 |   0.0
       D:12 |    7176 |       0 |   0.0 |      52 |       0 |   0.0
       D:13 |    5114 |   11112 |  68.5 |      22 |      23 |  51.1
       D:14 |    1951 |     301 |  13.4 |      12 |       2 |  14.3
            +---------+---------+-------+---------+---------+-------
